 Dungeon Sprint DCSS version 0.27-a0-1186-g8b4daa1eef (webtiles) character file.

Game seed: 4748855158367150607

39428 mhtbhm the Archmage (level 13, -5/99 HPs)
             Began as a Deep Elf Earth Elementalist on May 18, 2021.
             Was the Champion of Vehumet.
             Slain by a hell hound (10 damage)
             ... led by Azrael
             ... in the Dungeon (Sprint IX: "|||||||||||||||||||||||||||||") on May 19, 2021.
             The game lasted 00:15:34 (5460 turns).

mhtbhm the Archmage (Deep Elf Earth Elementalist)   Turns: 5460, Time: 00:15:34

Health: -5/99      AC:  8    Str:  8    XL:     13   Next: 69%
Magic:  3/46       EV: 16    Int: 26    God:    Vehumet [******]
Gold:   1787       SH:  0    Dex: 15    Spells: 21/66 levels left

rFire    + . .     SeeInvis .   l - +2 rapier (venom)
rCold    + + .     Faith    .   (no shield)
rNeg     . . .     Spirit   .   c - +2 robe {rC+}
rPois    +         Reflect  .   m - +0 helmet
rElec    .         Harm     .   t - scarf {rC+ rF+}
rCorr    .         Rampage  .   n - +1 pair of gloves
Will     +....     NoTele   +   u - +0 pair of boots
Stlth    ..........             (no amulet)
HPRegen  0.26/turn              w - ring of poison resistance
MPRegen  0.30/turn              o - +3 ring of strength

@: berserking (expiring), very quick
A: no striking features
a: Renounce Religion


You were in the Dungeon.
You worshipped Vehumet.
Vehumet was exalted by your worship.
You visited 1 branch You collected 1923 gold pieces.
You spent 136 gold pieces at shops.

Inventory:

Hand Weapons
 l - a +2 rapier of venom (weapon)
Missiles
 q - 13 poisoned darts (quivered)
Armour
 c - a +2 robe of cold resistance (worn)
 m - a +0 helmet (worn)
 n - a +1 pair of gloves (worn)
 t - a scarf of resistance (worn)
 u - a +0 pair of boots (worn)
Jewellery
 o - a +3 ring of strength (right hand)
 w - a ring of poison resistance (left hand)
 x - a ring of willpower
Wands
 k - a wand of iceblast (10)
Scrolls
 i - 2 scrolls of amnesia
 j - a scroll of blinking
 p - 4 scrolls of fog
 r - 2 scrolls of enchant weapon
 s - a scroll of identify
 y - 2 scrolls of enchant armour
 z - a scroll of fear
Potions
 a - a potion of invisibility
 b - 5 potions of mutation
 d - 4 potions of curing
 e - 2 potions of heal wounds
 g - 3 potions of magic
 v - a potion of brilliance
Miscellaneous
 f - a piece from Xom's chessboard (14/15)


   Skills:
 + Level 2.1 Fighting
 + Level 2.9 Armour
 + Level 8.7 Dodging
 + Level 7.9 Stealth
 O Level 27 Spellcasting
 + Level 8.5 Conjurations
 + Level 6.3 Transmutations
 + Level 25.2 Earth Magic


You had 21 spell levels left.
You knew the following spells:

 Your Spells              Type           Power      Damage    Failure   Level
a - Sandblast             Erth           100%       2d20      0%          1
b - Passwall              Tmut/Erth      72%        N/A       0%          2
c - Stone Arrow           Conj/Erth      100%       3d13      0%          3
d - Lee's Rapid Deconstr  Erth           52%        3d26*     0%          5
e - Petrify               Tmut/Erth      87%        N/A       0%          4
f - Iron Shot             Conj/Erth      44%        9d9       1%          6
g - Orb of Destruction    Conj           34%        9d12      5%          7
h - Lehudib's Crystal Sp  Conj/Erth      44%        10d11     1%          8
i - Shatter               Erth           52%        3d40*     1%          9

Your spell library contained the following spells:

 Spells                   Type           Power      Damage    Failure   Level
 Tornado                  Air            17%        N/A       100%        9


Dungeon Overview and Level Annotations

Branches:
Dungeon (1/1)

Altars:
Cheibriados
Dithmenos
Elyvilon
Fedhas
Gozag
Hepliaklqana
Kikubaaqudgha
Makhleb
Nemelex Xobeh
Okawaru
Qazlal
Ru
Sif Muna
Trog
Uskayaw
Vehumet
Wu Jian
Xom
Yredelemnul
Zin
The Shining One
Beogh
Jiyva
Lugonu

Shops:
D (([(


Message History

Unknown command.
Something bites you.
* * * LOW HITPOINT WARNING * * *
Unknown command.
You feel much better. Something bites you. Something bites you!
Something bites you. Something bites you but does no damage.
Casting: Stone Arrow (safe; 0% risk of failure)
Confirm with . or Enter, or press ? or * to list all spells.
Aiming: Stone Arrow (safe; 0% risk of failure)
Press: ? - help, Shift-Dir - straight line Something bites you!
Unknown command.
Unknown command.
A red film seems to cover your vision as you go berserk!
You feel yourself moving faster!
You feel mighty!
Something bites you but does no damage. x2
You hit something. Something bites you but does no damage.
You miss something. Something bites you!
* * * LOW HITPOINT WARNING * * *
You barely miss something. Something barely misses you. Something bites you.
* * * LOW HITPOINT WARNING * * *
You miss something. Something bites you but does no damage.
You closely miss something.
You hear a roar.
A blast of flame appears from out of thin air!
The blast of flame hits you! You resist.
* * * LOW HITPOINT WARNING * * *
You miss something. Something bites you but does no damage.
You barely miss something. Something bites you but does no damage.
You closely miss something. Something completely misses you.
You hear a roar.
A blast of flame appears from out of thin air!
The blast of flame hits you. You resist.
* * * LOW HITPOINT WARNING * * *
You barely miss something. Something bites you.
* * * LOW HITPOINT WARNING * * *
You closely miss something. Something bites you!
You die...

▓▓▓▓▓▓▓▓▓▓▓▓▓▓▓▓▓▓▓▓▓▓▓▓▓▓▓▓▓▓▓▓▓
.......†)..)....@{...........))).
▓▓▓▓▓▓▓▓▓▓▓▓▓▓▓▓▓▓▓▓▓▓▓▓▓▓▓▓▓▓▓▓▓
.................................
▓▓▓▓▓▓▓▓▓▓▓▓▓▓▓▓▓▓▓▓▓▓▓▓▓▓▓▓▓▓▓▓▓
..'...=.))))))))÷[[.[)[[[.....(..
▓▓▓▓▓▓▓▓▓▓▓▓▓▓▓▓▓▓▓▓▓▓▓▓▓▓▓▓▓▓▓▓▓
........................(........
▓▓▓▓▓▓▓▓▓▓▓▓▓▓▓▓▓▓▓▓▓▓▓▓▓▓▓▓▓▓▓▓▓
.....)))..))))..)..))).)........)


There were no monsters in sight!

Vanquished Creatures
  A frost giant (shapeshifter) (D)
  A stone giant (D)
  3 eleionomae (D)
  A fire dragon (D)
  A great orb of eyes (D)
  Erolcha (D)
  2 naga warriors (D)
  3 hydras (D)
  3 centaur warriors (D)
  A boulder beetle (D)
  A tengu warrior (D)
  3 two-headed ogres (D)
  A deep troll shaman (D)
  An alligator (D)
  A deep troll earth mage (D)
  2 orc high priests (D)
  3 naga sharpshooters (D)
  A skeletal warrior (D)
  A spriggan druid (D)
  2 swamp dragons (D)
  2 sea snakes (D)
  A harpy (D)
  An orc knight (D)
  An orb spider (shapeshifter) (D)
  4 ugly things (D)
  7 orc sorcerers (D)
  3 wolf spiders (D)
  A cyclops (D)
  A merfolk siren (D)
  4 black mambas (D)
  A naga mage (D)
  A komodo dragon (D)
  A freezing wraith (D)
  An efreet (D)
  2 demonic crawlers (D)
  3 merfolk (D)
  A jumping spider (D)
  3 polar bears (D)
  A tyrant leech (D)
  A blink frog (D)
  A dream sheep (D)
  2 redbacks (D)
  A water elemental (D)
  A fire elemental (D)
  2 wyverns (D)
  Eustachio (D)
  2 yaks (D)
  A basilisk (D)
  7 orc warriors (D)
  4 water moccasins (D)
  5 black bears (D)
  An ogre (D)
  3 wolves (D)
  4 bullfrogs (D)
  A hound (D)
  4 orc priests (D)
  14 orc wizards (D)
  An adder (D)
  6 orcs (D)
  A giant cockroach (D)
  A goblin (D)
  A hobgoblin (D)
  A jackal (D)
  A quokka (D)
139 creatures vanquished.

Notes
Turn   | Place    | Note
-------+----------+-------------------------------------------
     0 | D        | mhtbhm the Deep Elf Earth Elementalist began the quest for
                  | the Orb.
     0 | D        | Reached XP level 1. HP: 10/10 MP: 6/6
    10 | D        | Reached skill level 4 in Spellcasting
   280 | D        | Noticed a hound
   280 | D        | Noticed an ogre
   283 | D        | Reached skill level 5 in Earth Magic
   283 | D        | Reached XP level 2. HP: 15/15 MP: 5/9
   285 | D        | Reached skill level 5 in Spellcasting
   285 | D        | Reached XP level 3. HP: 16/19 MP: 3/12
   290 | D        | Killed an ogre
   291 | D        | Reached skill level 7 in Spellcasting
   291 | D        | Reached XP level 4. HP: 4/24 MP: 9/15
   543 | D        | Found a snail-covered altar of Cheibriados.
   543 | D        | Found a shadowy altar of Dithmenos.
   543 | D        | Found a white marble altar of Elyvilon.
   543 | D        | Found a blossoming altar of Fedhas.
   543 | D        | Found an opulent altar of Gozag.
   544 | D        | Found a hazy altar of Hepliaklqana.
   548 | D        | Learned a level 2 spell: Passwall
   552 | D        | Learned a level 3 spell: Stone Arrow
   552 | D        | Found a viscous altar of Jiyva.
   553 | D        | Found an ancient bone altar of Kikubaaqudgha.
   554 | D        | Found a corrupted altar of Lugonu.
   555 | D        | Found a burning altar of Makhleb.
   556 | D        | Found a sparkling altar of Nemelex Xobeh.
   557 | D        | Found an iron altar of Okawaru.
   558 | D        | Found a stormy altar of Qazlal.
   559 | D        | Found a sacrificial altar of Ru.
   560 | D        | Found a shimmering blue altar of Sif Muna.
   561 | D        | Found a bloodstained altar of Trog.
   562 | D        | Found a hide-covered altar of Uskayaw.
   563 | D        | Found a radiant altar of Vehumet.
   564 | D        | Found an ornate altar of the Wu Jian Council.
   565 | D        | Found a shimmering altar of Xom.
   566 | D        | Found a basalt altar of Yredelemnul.
   567 | D        | Found a glowing silver altar of Zin.
   568 | D        | Found a glowing golden altar of the Shining One.
   575 | D        | Became a worshipper of Vehumet
   611 | D        | Noticed a yak
   611 | D        | Noticed a two-headed ogre
   611 | D        | Noticed a two-headed ogre
   611 | D        | Noticed a wyvern
   611 | D        | Noticed a yak
   618 | D        | Killed a yak
   619 | D        | Reached skill level 5 in Dodging
   619 | D        | Reached skill level 9 in Spellcasting
   619 | D        | Reached skill level 10 in Earth Magic
   619 | D        | Reached XP level 5. HP: 13/28 MP: 14/19
   624 | D        | Killed a two-headed ogre
   625 | D        | Reached skill level 5 in Stealth
   625 | D        | Reached skill level 13 in Spellcasting
   625 | D        | Reached XP level 6. HP: 15/32 MP: 10/24
   625 | D        | Reached XP level 7. HP: 17/36 MP: 10/25
   631 | D        | Killed a two-headed ogre
   631 | D        | Reached * piety under Vehumet
   631 | D        | Offered knowledge of Shock by Vehumet.
   632 | D        | Reached skill level 14 in Spellcasting
   632 | D        | Reached XP level 8. HP: 20/41 MP: 7/28
   638 | D        | Reached skill level 15 in Spellcasting
   682 | D        | Learned a level 5 spell: Lee's Rapid Deconstruction
   752 | D        | Reached ** piety under Vehumet
   935 | D        | Learned a level 4 spell: Petrify
   938 | D        | Noticed a two-headed ogre
   938 | D        | Noticed an orb spider
   938 | D        | Noticed a skeletal warrior
   938 | D        | Noticed a four-headed hydra
   938 | D        | Noticed a centaur warrior
   938 | D        | Noticed a tengu warrior
   945 | D        | Killed an orb spider
   945 | D        | Offered knowledge of Static Discharge by Vehumet.
   946 | D        | Reached skill level 16 in Spellcasting
   946 | D        | Reached skill level 15 in Earth Magic
   946 | D        | Reached XP level 9. HP: 25/45 MP: 17/31
   947 | D        | Killed a two-headed ogre
   948 | D        | Reached skill level 17 in Spellcasting
   948 | D        | Reached skill level 1 in Conjurations
   948 | D        | Killed a skeletal warrior
  1079 | D        | Killed a four-headed hydra
  1079 | D        | Reached *** piety under Vehumet
  1080 | D        | Reached skill level 18 in Spellcasting
  1080 | D        | Reached XP level 10. HP: 23/51 MP: 20/34
  1080 | D        | Killed a centaur warrior
  1081 | D        | Reached skill level 1 in Fighting
  1084 | D        | Killed a tengu warrior
  1085 | D        | Reached skill level 19 in Spellcasting
  1331 | D        | Offered knowledge of Frozen Ramparts by Vehumet.
  1332 | D        | Reached **** piety under Vehumet
  1335 | D        | Reached ***** piety under Vehumet
  1340 | D        | Reached skill level 20 in Spellcasting
  1535 | D        | Noticed a six-headed hydra
  1537 | D        | Offered knowledge of Sticky Flame by Vehumet.
  1538 | D        | Noticed a black mamba
  1645 | D        | Upgraded the game from 0.27-a0-1184-ge86db4a01e to
                  | 0.27-a0-1186-g8b4daa1eef
  1652 | D        | Killed a six-headed hydra
  1654 | D        | Reached ****** piety under Vehumet
  1655 | D        | Reached XP level 11. HP: 54/56 MP: 28/37
  1656 | D        | Reached skill level 21 in Spellcasting
  1762 | D        | Offered knowledge of Bolt of Magma by Vehumet.
  2165 | D        | Offered knowledge of Starburst by Vehumet.
  2237 | D        | Noticed Erolcha
  2241 | D        | Killed Erolcha
  2377 | D        | Noticed Eustachio
  2382 | D        | Killed Eustachio
  2487 | D        | Offered knowledge of Ozocubu's Refrigeration by Vehumet.
  2596 | D        | Noticed an orc high priest
  2599 | D        | Reached skill level 22 in Spellcasting
  2599 | D        | Killed an orc high priest
  2603 | D        | Noticed an orc knight
  2780 | D        | Killed an orc knight
  3248 | D        | Offered knowledge of Iron Shot by Vehumet.
  3474 | D        | Noticed an orc high priest
  3479 | D        | Killed an orc high priest
  3480 | D        | Reached skill level 1 in Armour
  3487 | D        | Learned a level 6 spell: Iron Shot
  3552 | D        | Found Jatoegg's Weapon Emporium.
  3552 | D        | Noticed an orc sorcerer
  3552 | D        | Noticed an orc sorcerer
  3552 | D        | Noticed an orc sorcerer
  3553 | D        | Killed an orc sorcerer
  3555 | D        | Offered knowledge of Lightning Bolt by Vehumet.
  3557 | D        | Killed an orc sorcerer
  3557 | D        | Noticed an orc sorcerer
  3558 | D        | Killed an orc sorcerer
  3561 | D        | Killed an orc sorcerer
  3562 | D        | Reached skill level 23 in Spellcasting
  3565 | D        | Noticed an orc sorcerer
  3569 | D        | Killed an orc sorcerer
  3682 | D        | Found Geedeece's Antique Weapon Shoppe.
  3685 | D        | Found Ofuoniv's Antique Armour Emporium.
  3689 | D        | Found Tifaub's Antique Weapon Shoppe.
  3691 | D        | Noticed an orc sorcerer
  3715 | D        | Killed an orc sorcerer
  3716 | D        | Noticed an orc sorcerer
  3721 | D        | Killed an orc sorcerer
  3721 | D        | Offered knowledge of Orb of Destruction by Vehumet.
  3722 | D        | Reached XP level 12. HP: 62/62 MP: 17/41
  3747 | D        | Bought an embroidered scarf for 136 gold pieces
  3985 | D        | Learned a level 7 spell: Orb of Destruction
  3985 | D        | Noticed a centaur warrior
  3993 | D        | Killed a centaur warrior
  3994 | D        | Reached skill level 5 in Conjurations
  4520 | D        | Noticed a centaur warrior
  4523 | D        | Killed a centaur warrior
  4524 | D        | Reached skill level 24 in Spellcasting
  4524 | D        | Reached skill level 5 in Transmutations
  4562 | D        | Noticed a frost giant
  4566 | D        | Killed a frost giant
  4566 | D        | Offered knowledge of Fireball by Vehumet.
  4627 | D        | Noticed a deep troll earth mage
  4628 | D        | Noticed a great orb of eyes
  4629 | D        | Noticed a deep troll shaman
  4634 | D        | Killed a deep troll earth mage
  4636 | D        | Killed a great orb of eyes
  4637 | D        | Killed a deep troll shaman
  4775 | D        | Noticed a stone giant
  4787 | D        | Killed a stone giant
  4787 | D        | Offered knowledge of Freezing Cloud by Vehumet.
  4788 | D        | Reached skill level 25 in Spellcasting
  4791 | D        | Noticed a fire dragon
  4855 | D        | Killed a fire dragon
  5102 | D        | Offered knowledge of Lehudib's Crystal Spear by Vehumet.
  5102 | D        | Offered knowledge of Shatter by Vehumet.
  5102 | D        | Offered knowledge of Tornado by Vehumet.
  5103 | D        | Reached XP level 13. HP: 58/66 MP: 22/44
  5112 | D        | Learned a level 8 spell: Lehudib's Crystal Spear
  5122 | D        | Learned a level 9 spell: Shatter
  5146 | D        | Reached skill level 26 in Spellcasting
  5335 | D        | Reached skill level 27 in Spellcasting
  5407 | D        | Noticed an eleionoma
  5407 | D        | Noticed an eleionoma
  5408 | D        | Killed an eleionoma
  5409 | D        | Killed an eleionoma
  5410 | D        | Noticed an eleionoma
  5417 | D        | Killed an eleionoma
  5460 | D        | Slain by a hell hound

Illustrated notes

Levels and vault maps discovered:
D:        linesprint [early_d, line_temple, items_1, d_10, items_2, lair_1,
          lair_end, items_3, orc_1, orc_end, items_4, d_15, swamp_1, shoals_1,
          snake_1, spider_1, d_20, vaults_1, items_5, swamp_end, shoals_end,
          snake_end, spider_end, vaults_end, d_27, items_6, zot_1, zot_end,
          crypt_end, forest_end, elf_end, slime_end, tomb_end, abyss_end,
          pan_hell_end]

Skill      XL: |  1  2  3  4  5  6  7  8  9 10 11 12 13 |
---------------+----------------------------------------+-----
Earth Magic    | 5 6 8 10 13 14 15 16 18 20 22 25 | 25.2
Spellcasting   | 4 5 7 9 13 14 16 18 20 23 25 27 | 27.0
Dodging        | 3 4 5 6 7 8 |  8.7
Stealth        | 3 4 5 6 7 |  7.9
Conjurations   | 1 2 4 6 8 |  8.5
Transmutations | 2 3 4 6 |  6.3
Fighting       | 1 2 |  2.1
Armour         | 2 |  2.9

Action                   |  1- 3 |  4- 6 |  7- 9 | 10-12 | 13-15 || total
-------------------------+-------+-------+-------+-------+-------++-------
Melee: Rapier            |       |       |       |       |    10 ||    10
 Cast: Sandblast         |    15 |     8 |     7 |       |       ||    30
       Lee's Rapid Decon |       |       |     7 |    81 |       ||    88
       Stone Arrow       |       |       |     3 |    22 |     3 ||    28
       Petrify           |       |       |     2 |    23 |       ||    25
       Iron Shot         |       |       |       |    25 |     9 ||    34
       Shatter           |       |       |       |       |    10 ||    10
Evoke: Piece from Xom's  |       |       |       |       |     1 ||     1
  Use: Potion            |     1 |     1 |     2 |     4 |     4 ||    12
       Scroll            |     1 |       |       |     1 |       ||     2
Armor: Robe              |     1 |       |       |     5 |     9 ||    15
       Leather armour    |       |       |       |     2 |       ||     2
Dodge: Dodged            |     3 |       |     3 |    30 |    10 ||    46

Table legend: (Time is in decaauts)
 A = Elapsed time spent in this place.
 B = Non-inter-level travel time spent in this place.
 C = Inter-level travel time spent in this place.
 D = Time resting spent in this place.
 E = Time spent auto-exploring this place.
 F = Levels seen in this place.
 G = Mean time per level.
                   A        B        C        D        E       F      G
               +--------+--------+--------+--------+--------+-----+--------+
         Total |   5435 |   5435 |      0 |   3099 |    904 |   1 | 5435.0 |
       Dungeon |   5435 |   5435 |      0 |   3099 |    904 |   1 | 5435.0 |
               +--------+--------+--------+--------+--------+-----+--------+

Top non-repeatable levels by time:
       D: 5435 daAuts
